 Dungeon Crawl Stone Soup version 0.16.2-2-g470672f (webtiles) character file.

7302 poirepourri the Fighter (level 10, -3/99 HPs)
             Began as a Deep Dwarf Berserker on Aug 15, 2015.
             Was a High Priest of Trog.
             Slain by a seven-headed hydra (8 damage)
             ... on level 10 of the Dungeon.
             The game lasted 00:23:56 (9408 turns).

poirepourri the Fighter (Deep Dwarf Berserker)      Turns: 9408, Time: 00:23:57

Health: -3/99      AC: 10    Str: 23    XL:     10   Next: 90%
Magic:  11/11      EV: 12    Int:  8    God:    Trog [*****.]
Gold:   272        SH: 12    Dex: 11    Spells: 0 memorised, 9 levels left

rFire  . . .     SeeInvis .     a - +3 hand axe
rCold  . . .     Clarity  .     h - +1 scale mail
rNeg   . . .     SustAb   .     t - +1 shield (curse)
rPois  .         Gourm    .     (no helmet)
rElec  .         Spirit   .     (no cloak)
rCorr  .         Warding  .     B - +0 pair of gloves
rMut   +         Stasis   .     (no boots)
MR     +....                    D - amulet of resist mutation
Stlth  +.........               x - -2 ring of dexterity (curse)
                                j - ring of invisibility

@: non-regenerating, somewhat resistant to hostile enchantments, very unstealthy
A: damage resistance, recharge devices, sense surroundings 2, slow healing 3
a: Device Recharging, Burn Spellbooks, Berserk, Trog's Hand, Brothers in Arms,
Renounce Religion, Evoke Invisibility


You were on level 10 of the Dungeon.
You worshipped Trog.
Trog was extremely pleased with you.
You were very hungry.

You visited 1 branch of the dungeon, and saw 10 of its levels.

You collected 386 gold pieces.
You spent 114 gold pieces at shops.

Inventory:

Hand weapons
 a - a +3 hand axe (weapon)
Missiles
 o - 5 poisoned javelins (quivered)
 H - 2 steel javelins
Armour
 b - a +0 animal skin
 h - a +1 scale mail (worn)
 i - a +0 buckler
 t - a cursed +1 shield (worn)
 B - a +0 pair of gloves (worn)
Jewellery
 g - an uncursed amulet of the gourmand
 j - a ring of invisibility (left hand)
 m - an uncursed ring of see invisible
 x - a cursed -2 ring of dexterity (right hand)
 D - an amulet of resist mutation (around neck)
Magical devices
 c - a wand of heal wounds (1)
 d - a wand of digging (10)
 k - a wand of frost (2)
 n - a wand of draining (1)
 q - a wand of slowing (13)
 v - a wand of teleportation (5)
 C - a wand of slowing (18)
Scrolls
 f - 2 scrolls of teleportation
 p - a scroll of enchant weapon
 s - a scroll of identify
 w - a scroll of fear {unknown}
 y - a scroll of magic mapping
 E - a scroll of fog
 G - a scroll of remove curse
Potions
 e - 3 potions of restore abilities
 l - a potion of cancellation
 u - a potion of lignification
Books
 r - a book of the Sky

   Spells                             Type                      Level
   a - Flight                         Charms/Air                   3
   b - Airstrike                      Air                          4
   c - Silence                        Hexes/Air                    5
   d - Deflect Missiles               Charms/Air                   6
   e - Conjure Ball Lightning         Conjuration/Air              6
   f - Tornado                        Air                          9
   Trog disapproves of the use of such an item.
Comestibles
 z - 5 bread rations
 A - 5 fruits
 F - a beef jerky


   Skills:
 * Level 9.1 Fighting
 + Level 8.4 Axes
 + Level 7.7 Armour
 + Level 8.4 Dodging
 + Level 3.0 Stealth
 + Level 6.6 Shields
 + Level 1.3 Evocations


You had 9 spell levels left.
You didn't know any spells.

Dungeon Overview and Level Annotations

Branches:
Dungeon (10/15)            Temple (0/1) D:4
   Lair: D:8-11         Orc: D:9-12

Altars:
Dithmenos
Fedhas
Okawaru
Ru
Trog

Shops:
D:5 ?   D:8 }

Annotations:
D:5 Prince Ribbit


Innate Abilities, Weirdness & Mutations

You are resistant to damage.
You can recharge devices by infusing magical energy.
You passively map the area around you.
You do not heal naturally.


Message History

The six-headed hydra is heavily wounded.
Your ogre barely misses the six-headed hydra.
The six-headed hydra bites you!
* * * LOW HITPOINT WARNING * * *
You block the six-headed hydra's attack.
The six-headed hydra bites you!
* * * LOW HITPOINT WARNING * * *
The six-headed hydra bites you but does no damage.
You block the six-headed hydra's attack.
The six-headed hydra bites you!
* * * LOW HITPOINT WARNING * * *
You lop one of the six-headed hydra's heads off!
The five-headed hydra grows two more!
You hit the seven-headed hydra.
The seven-headed hydra is heavily wounded.
Your ogre hits the seven-headed hydra with a giant club.
The seven-headed hydra barely misses you.
The seven-headed hydra bites you!
* * * LOW HITPOINT WARNING * * *
The seven-headed hydra bites you!
You die...

,, , #..#, *, *
, * ... , , , *
, ..###.. , , *
* ### ....... ,
,#..#..... ,
,... #.....## ,
, ....###.....#,
, , , *,
#.......#..# , ,
* #..}a|O@####
#......D#..#, *
....###.)...# ..
* )Z
#..)((###....,*,
, * ,, ,
,,#..#.......#,
*, * * , *
####.......# * ,
*, #..#..###..#
, , .. #.)....#
..., ,, ,
#..###..#..#,,
..#


You could see a seven-headed hydra, a soldier ant and a friendly ogre (berserk).

Vanquished Creatures
  A centaur warrior (D:10)
  Pikel (D:4)
  A two-headed ogre (D:9)
  2 hungry ghosts (D:7)
  A spriggan (D:7)
  2 wyverns
  A hippogriff (D:8)
  Edmund (D:8)
  2 water moccasins
  2 black bears (D:6)
  A necrophage (D:10)
  4 ogres
  A phantom (D:8)
  A wasp (D:10)
  A sky beast (D:8)
  2 centaurs
  An ice beast (D:7)
  Sigmund (D:3)
  Duvessa (D:5)
  11 big kobolds
  3 giant frogs
  2 gnoll sergeants
  A scorpion (D:7)
  4 hounds
  3 killer bees (D:9)
  Dowan (D:5)
  7 crimson imps
  A goliath beetle (D:7)
  2 giant frog zombies
  A jelly (D:6)
  A quasit (D:5)
  2 giant frog skeletons
  4 gnoll shamans
  2 orc priests
  An iguana (D:10)
  An orc wizard (D:2)
  5 worker ants
  A killer bee zombie (D:7)
  A hound skeleton (D:7)
  A hound zombie (D:7)
  A mummy (D:8)
  11 adders
  38 gnolls
  A shadow imp (D:8)
  2 giant mites
  3 worms
  An adder zombie (D:7)
  27 orcs
  2 ball pythons (D:1)
  17 bats
  A bat zombie (D:7)
  12 hobgoblins
  34 jackals
  3 giant cockroaches
  5 giant newts
  7 goblins
  A jackal skeleton (D:5)
  34 kobolds
  5 quokkas
  2 quokka skeletons (D:5)
  A quokka zombie (D:5)
  12 rats
302 creatures vanquished.

Vanquished Creatures (collateral kills)
  A catoblepas (D:10)
  An ugly thing (D:10)
  A gargoyle (D:10)
  A two-headed ogre (D:10)
  A soldier ant (D:10)
5 creatures vanquished.

Vanquished Creatures (others)
  A two-headed ogre (D:10)
  A gnoll (D:5)
  4 orcs
  A giant spore (D:7)
7 creatures vanquished.

Grand Total: 314 creatures vanquished

Notes
Turn   | Place    | Note
--------------------------------------------------------------
     0 | D:1      | poirepourri, the Deep Dwarf Berserker, began the quest for the Orb.
     0 | D:1      | Reached XP level 1. HP: 20/20 MP: 1/1
   107 | D:1      | Reached XP level 2. HP: 21/28 MP: 2/2
   357 | D:1      | Acquired Trog's second power
   742 | D:2      | Reached XP level 3. HP: 25/34 MP: 3/3
   919 | D:2      | Found a sacrificial altar of Ru.
  1003 | D:2      | Reached XP level 4. HP: 29/42 MP: 4/4
  1088 | D:2      | Reached skill level 4 in Axes
  1648 | D:3      | Reached XP level 5. HP: 50/50 MP: 5/5
  1849 | D:3      | Found a shadowy altar of Dithmenos.
  1913 | D:3      | Noticed Sigmund
  1931 | D:3      | Killed Sigmund
  2185 | D:3      | Reached XP level 6. HP: 46/57 MP: 6/6
  2325 | D:4      | Found a staircase to the Ecumenical Temple.
  2604 | D:4      | Acquired Trog's third power
  2698 | D:4      | Noticed Pikel
  2745 | D:4      | Killed Pikel
  2745 | D:4      | Reached skill level 5 in Fighting
  2745 | D:4      | Reached skill level 5 in Axes
  2745 | D:4      | Reached skill level 5 in Dodging
  2745 | D:4      | Reached XP level 7. HP: 21/68 MP: 7/7
  3185 | D:5      | Entered Level 5 of the Dungeon
  3235 | D:5      | Noticed Prince Ribbit
  3363 | D:5      | Noticed Duvessa
  3375 | D:5      | Killed Duvessa
  3375 | D:5      | Reached skill level 6 in Fighting
  3375 | D:5      | Reached skill level 1 in Evocations
  3379 | D:5      | Noticed Dowan
  3394 | D:5      | Killed Dowan
  3394 | D:5      | Reached XP level 8. HP: 73/76 MP: 8/8
  3502 | D:5      | Found Ner Tel's Magic Scroll Boutique.
  3511 | D:5      | Bought a scroll of recharging for 114 gold pieces
  3599 | D:5      | Found a blossoming altar of Fedhas.
  4046 | D:5      | Reached skill level 5 in Armour
  4540 | D:5      | Reached skill level 1 in Shields
  5262 | D:6      | Reached skill level 7 in Fighting
  5262 | D:6      | Reached skill level 1 in Stealth
  5264 | D:6      | Received a gift from Trog
  5499 | D:6      | Found a bloodstained altar of Trog.
  5514 | D:6      | Gained mutation: You passively map the area around you. [level up]
  5514 | D:6      | Reached XP level 9. HP: 81/86 MP: 9/9
  7126 | D:8      | Reached skill level 8 in Fighting
  7168 | D:8      | Reached XP level 10. HP: 92/96 MP: 10/10
  7174 | D:8      | Reached skill level 5 in Shields
  7684 | D:8      | Found Caadaffi's Gadget Shoppe.
  7684 | D:8      | Noticed Edmund
  7739 | D:8      | Killed Edmund
  8219 | D:9      | Found an iron altar of Okawaru.
  8358 | D:9      | Received a gift from Trog
  9007 | D:10     | Entered Level 10 of the Dungeon
  9355 | D:10     | Paralysed by a wasp for 1 turns
  9380 | D:10     | Noticed a purple ugly thing
  9380 | D:10     | Noticed a centaur warrior
  9384 | D:10     | Noticed a catoblepas
  9388 | D:10     | Killed a purple ugly thing
  9390 | D:10     | Killed a catoblepas
  9392 | D:10     | Reached skill level 9 in Fighting
  9393 | D:10     | Noticed a four-headed hydra
  9394 | D:10     | Killed a centaur warrior
  9408 | D:10     | Slain by a seven-headed hydra

Action                   |  1- 3 |  4- 6 |  7- 9 | 10-12 || total
-------------------------+-------+-------+-------+-------++-------
Melee: Hand axe          |    91 |   245 |   656 |   317 ||  1309
Throw: Javelin           |       |       |     7 |       ||     7
Invok: Trog's Hand       |     1 |     3 |    23 |     7 ||    34
       Berserk           |       |     2 |    10 |     2 ||    14
       Brothers in Arms  |       |       |       |     2 ||     2
 Abil: Device Recharging |       |       |     1 |       ||     1
Evoke: Wand              |     1 |     3 |    14 |     2 ||    20
  Use: Potion            |     3 |     2 |     6 |       ||    11
       Scroll            |     3 |     6 |    11 |       ||    20
 Stab: Invisible         |       |       |     4 |       ||     4
       Petrifying        |       |       |       |     2 ||     2
  Eat: Chunk             |     1 |     3 |    14 |       ||    18
       Bread ration      |       |     2 |     1 |       ||     3
       Beef jerky        |       |       |     2 |     1 ||     3
       Meat ration       |       |       |     2 |     1 ||     3
       Fruit             |       |       |       |     3 ||     3
